 Dungeon Crawl Stone Soup version 0.18.1-48-g4cf74bf (webtiles) character file.

183697 tyranidshit the Warrior (level 17, -5/170 HPs)
             Began as a Minotaur Berserker on July 16, 2016.
             Was a High Priest of Trog.
             Slain by an emperor scorpion (11 damage)
             ... on level 4 of the Spider Nest on July 17, 2016.
             The game lasted 02:35:20 (22742 turns).

tyranidshit the Warrior (Minotaur Berserker)       Turns: 22742, Time: 02:35:46

Health: -5/170     AC: 28    Str: 32    XL:     17   Next: 37%
Magic:  0/24       EV: 16    Int:  4    God:    Trog [*****.]
Gold:   1037       SH:  8    Dex: 18    Spells: 0 memorised, 16 levels left

rFire  + . .     SeeInvis +     x - +7 war axe (elec)
rCold  . . .     Gourm    .     H - +4 plate armour {rF+}
rNeg   + + .     Faith    .     e - +1 buckler
rPois  +         Spirit   +     d - +2 hat {SInv}
rElec  +         Dismiss  .     y - +1 cloak
rCorr  .         Reflect  .     L - +2 pair of gloves {Dex+3}
SustAt .         Harm     .     (no boots)
MR     +++..                    R - amulet "Ywnu" {Spirit rPois Str+4 Stlth-}
Stlth  ..........               j - ring "Mukuev" {rElec rN++ SInv Stlth-}
                                w - +4 ring of dexterity

@: lethally poisoned (-5 -> -6), exhausted, regenerating, slowed, very slow,
extremely resistant to hostile enchantments, extremely unstealthy
A: retaliatory headbutt, horns 2
a: Berserk, Trog's Hand, Brothers in Arms, Burn Spellbooks, Renounce Religion
}: 1/15 runes: decaying


You were on level 4 of the Spider Nest.
You worshipped Trog.
Trog was extremely pleased with you.
You were very hungry.

You visited 5 branches of the dungeon, and saw 32 of its levels.
You also visited: Ossuary, Ice Cave and Volcano.

You collected 2765 gold pieces.
You spent 1728 gold pieces at shops.

Inventory:

Hand Weapons
 x - a +7 war axe of electrocution (weapon)
Armour
 c - the +4 ring mail "Oceaxkoe" {rC+ rN+}
   (You found it on level 4 of the Swamp)

   It protects you from cold.
   It protects you from negative energy.
 d - a +2 hat of see invisible (worn)
 e - a +1 buckler (worn)
 s - a +2 pair of gloves
 y - a +1 cloak (worn)
 H - a +4 plate armour of fire resistance (worn)
 L - a +2 pair of gloves of dexterity (worn)
Jewellery
 a - an uncursed ring of sustain attributes
 g - an uncursed ring of protection from cold
 j - the ring "Mukuev" (right hand) {rElec rN++ SInv Stlth-}
   (You bought it in a shop on level 2 of the Orcish Mines)

   [ring of loudness]

   It insulates you from electricity.
   It greatly protects you from negative energy.
   It lets you see invisible.
   It makes you less stealthy.
 k - an uncursed ring of positive energy
 r - an uncursed amulet of faith
 t - a +4 ring of evasion
 w - a +4 ring of dexterity (left hand)
 z - a +2 ring of strength
 C - an uncursed ring of resist corrosion
 Q - an uncursed ring of flight
 R - the amulet "Ywnu" (around neck) {Spirit rPois Str+4 Stlth-}
   (You bought it in a shop on level 2 of the Orcish Mines)

   [amulet of guardian spirit]

   It causes incoming damage to be split between your health and magic.
   It affects your strength (+4).
   It protects you from poison.
   It makes you less stealthy.
 S - a +5 ring of dexterity
 V - a +3 ring of dexterity
Wands
 m - a wand of confusion (35/48)
 E - a wand of random effects (3/48)
 F - a wand of lightning (8/15)
 J - a wand of flame (24/48)
 K - a wand of hasting (1/9)
 T - a wand of flame (30/48)
Scrolls
 f - a scroll of holy word
 h - 4 scrolls of identify
 i - 4 scrolls of fog
 n - 2 scrolls of recharging
 B - a scroll of teleportation
 D - 8 scrolls of remove curse
 G - a scroll of fear
 P - 2 scrolls of brand weapon
 U - 2 scrolls of magic mapping
Potions
 b - 3 potions of cancellation
 l - 2 potions of invisibility
 o - 6 potions of brilliance
 p - 7 potions of curing
 v - 3 potions of cure mutation
 A - 7 potions of agility
 I - 3 potions of ambrosia
 M - 4 potions of berserk rage
 O - 5 potions of might
Comestibles
 q - 20 fruits
 u - 2 royal jellies
 N - a meat ration


   Skills:
 - Level 20.0 Fighting
 - Level 18.2 Axes
 + Level 13.4 Armour
 + Level 11.1 Dodging
 + Level 11.7 Shields
 - Level 11.3 Evocations


You had 16 spell levels left.
You didn't know any spells.

Dungeon Overview and Level Annotations

Branches:
Dungeon (14/15)            Temple (0/1) D:5            Lair (8/8) D:10
  Swamp (4/4) Lair:5       Spider (4/4) Lair:6        Slime (0/6) Lair:8
    Orc (2/2) D:12            Elf (0/3) Orc:2        Vaults (0/5) D:13

Altars:
Dithmenos
Kikubaaqudgha
Pakellas
Qazlal
Trog
Zin
Beogh
Jiyva

Shops:
D:6 =   Orc:2 }=(?


Innate Abilities, Weirdness & Mutations

You reflexively headbutt those who attack you in melee.
You have a pair of horns on your head.


Message History

The emperor scorpion claws you.
* * * LOW HITPOINT WARNING * * *
You are no longer berserk.
You are exhausted.
You feel yourself slow down.
You are feeling very hungry.
You feel sick. The emperor scorpion stings you!
* * * LOW HITPOINT WARNING * * *
You block the emperor scorpion's attack.
The emperor scorpion claws you but does no damage.
Drink which item? (? for menu, Esc to quit)
Okay, then.
Read which item? (? for menu, Esc to quit)
As you read the scroll of fear, it crumbles to dust.
You assume a fearsome visage.
The emperor scorpion easily resists.
The orb spider looks frightened!
The emperor scorpion easily resists.
The emperor scorpion resists with some effort.
The orb spider looks frightened!
You feel sick. The emperor scorpion stings you!
You die...

###### #^...## #### #
##...^.## ##..###
#......^## #...^^#
#≈...≈...# *#...##
##@###.†..# #.....
*#ss#,#....# ##?....
#.ss#s##...# #....^.
#.s.s,,#.≈.###......
*#≈....,#...##....^..
*≈......#...###......
*#.^.[≈≈.##..###......
*.≈.#.≈≈≈!#...##..^...
#≈.##.≈φ≈y#..^##......


You could see 3 emperor scorpions, 2 orb spiders and a jumping spider (berserk).

Vanquished Creatures
  Rupert (Lair:7)
  The ghost of Ferkelamun the Fencer, an adept MiBe of Trog (Spider:2)
  Kirke (Lair:6)
  3 thorn hunters
  Maud (Lair:6)
  An emperor scorpion (Spider:4)
  A ghost moth (Spider:4)
  Nessos (Orc:2)
  The ghost of Aquadorian the Brawler, a journeyman TrMo of Kikubaaqudgha (Lair:6)
  2 blizzard demons (IceCv)
  3 entropy weavers
  Fannar (Lair:1)
  8 vault guards (D:13)
  Harold (D:11)
  22 hydras
  2 catoblepae
  7 alligators
  A deep troll shaman (Lair:8)
  10 death yaks (Lair:8)
  2 orc high priests
  Sonja (Orc:2)
  A fire crab (Lair:8)
  An unseen horror (D:10)
  A spriggan druid (Swamp:3)
  10 swamp dragons
  A lindwurm (Lair:8)
  3 hill giants
  3 shambling mangroves
  3 orc knights
  10 orb spiders
  5 orc sorcerers
  4 hornets
  21 wolf spiders
  A manticore (Volcano)
  2 deep elf magi (D:12)
  3 ugly things
  A griffon (Lair:5)
  3 cyclopes
  An ice statue (IceCv)
  3 moths of wrath
  4 black mambas
  12 elephants
  4 centaur zombies
  15 spiny frogs
  2 rime drakes
  4 ice devils (IceCv)
  2 torpor snails
  7 demonic crawlers
  4 freezing wraiths (IceCv)
  7 komodo dragons
  A golden dragon simulacrum (IceCv)
  23 jumping spiders
  2 trolls
  2 polar bears (Lair:8)
  6 giant leeches
  9 slime creatures
  2 boulder beetles
  4 bog bodies
  19 blink frogs
  92 redbacks
  3 spriggans
  A vampire (D:10)
  17 tarantellas
  A dire elephant simulacrum (IceCv)
  2 shadows
  35 yaks
  6 hogs (Lair:6)
  2 wyverns
  Eustachio (D:4)
  2 fire bats (Lair:3)
  8 hippogriffs
  2 hungry ghosts
  2 basilisks
  14 vampire mosquitoes
  18 swamp worms
  A warg (Orc:1)
  5 mottled dragons
  3 iron troll simulacra (IceCv)
  10 insubstantial wisps (Swamp:1)
  4 hydra simulacra (IceCv)
  A soldier ant (D:13)
  7 harpy simulacra (IceCv)
  10 water moccasins
  7 porcupines
  4 ice beasts
  14 swamp drakes
  24 orc warriors
  A sky beast (D:13)
  11 wasps
  3 ettin simulacra (IceCv)
  3 black bears
  2 phantoms
  7 ogres
  An alligator simulacrum (IceCv)
  14 wolves
  14 centaurs
  15 crocodiles
  Blork the orc (D:5)
  4 big kobolds
  11 giant frogs
  2 wyvern zombies
  A gnoll sergeant (D:8)
  6 water moccasin zombies (Ossuary)
  5 scorpions
  A water moccasin skeleton (D:11)
  8 killer bees
  4 wights (D:13)
  An electric eel (Spider:1)
  2 lava snakes (Lair:3)
  5 crimson imps
  A quasit (D:11)
  A giant frog zombie (D:10)
  2 draconian simulacra (IceCv)
  5 giant frog skeletons
  4 hounds
  2 jellies
  23 orc priests
  33 orc wizards
  10 iguanas
  10 worker ants
  A polar bear simulacrum (IceCv)
  2 spriggan simulacra (IceCv)
  5 troll simulacra (IceCv)
  A killer bee zombie (D:7)
  21 sheep
  A big kobold zombie (Ossuary)
  2 centaur simulacra (IceCv)
  2 mummies (Ossuary)
  A howler monkey zombie (D:5)
  3 gnolls (D:8)
  A worker ant zombie (D:7)
  12 adders
  2 naga simulacra (IceCv)
  86 river rats
  3 shadow imps
  19 white imps
  6 ufetubi (IceCv)
  5 adder zombies
  2 adder skeletons
  3 worms
  2 dart slugs (D:1)
  5 giant geckos
  77 orcs
  6 giant cockroaches
  9 goblins
  5 hobgoblins
  6 jackals
  7 quokkas
  2 bats
  4 giant newts
  5 gnoll zombies (Ossuary)
  3 hobgoblin zombies (Ossuary)
  13 kobolds
  5 kobold zombies (Ossuary)
  2 orc zombies (Ossuary)
  A quokka zombie (D:9)
  4 rats
  2 briar patches (Swamp:4)
  11 fungi
  7 plants
1140 creatures vanquished.

Vanquished Creatures (collateral kills)
  An iguana (Lair:1)
1 creature vanquished.

Vanquished Creatures (others)
  A rime drake (Swamp:4)
  An ice devil (IceCv)
  A jumping spider (Spider:4)
  A vampire mosquito (Swamp:1)
  A wasp (Swamp:4)
  A giant frog (D:8)
  An iguana (Lair:5)
  An orc (Orc:2)
  4 briar patches
  3 fungi
  2 plants (Lair:8)
17 creatures vanquished.

Grand Total: 1158 creatures vanquished

Notes
Turn   | Place    | Note
--------------------------------------------------------------
     0 | D:1      | tyranidshit the Minotaur Berserker began the quest for the Orb.
     0 | D:1      | Reached XP level 1. HP: 19/19 MP: 0/0
   238 | D:1      | Reached skill level 4 in Fighting
   332 | D:1      | Reached XP level 2. HP: 28/28 MP: 1/1
  1056 | D:2      | Reached skill level 5 in Fighting
  1057 | D:2      | Reached XP level 3. HP: 36/36 MP: 2/2
  1057 | D:2      | Reached ** piety under Trog
  1429 | D:2      | Reached XP level 4. HP: 41/44 MP: 3/3
  1493 | D:3      | Reached skill level 6 in Fighting
  1501 | D:3      | Reached skill level 7 in Fighting
  1501 | D:3      | Reached XP level 5. HP: 47/52 MP: 4/4
  2105 | D:4      | Noticed Eustachio
  2124 | D:4      | Killed Eustachio
  2124 | D:4      | Reached skill level 8 in Fighting
  2124 | D:4      | Reached XP level 6. HP: 43/62 MP: 5/5
  2300 | D:4      | Found a glowing silver altar of Zin.
  2323 | D:4      | Found a shadowy altar of Dithmenos.
  2608 | D:5      | Entered Level 5 of the Dungeon
  2611 | D:5      | Noticed Blork the orc
  2618 | D:5      | Killed Blork the orc
  2618 | D:5      | Reached *** piety under Trog
  2618 | D:5      | Reached skill level 9 in Fighting
  2646 | D:5      | Gained mutation: You can translocate small distances at will. [potion of mutation]
  2646 | D:5      | Gained mutation: Your body sometimes deteriorates upon taking damage. [potion of mutation]
  2646 | D:5      | Gained mutation: Your magical capacity is low (-10% MP). [potion of mutation]
  2705 | D:5      | Reached XP level 7. HP: 70/70 MP: 5/5
  2991 | D:5      | Found a staircase to the Ecumenical Temple.
  2996 | D:5      | Reached skill level 10 in Fighting
  3227 | D:5      | Received a gift from Trog
  3450 | D:6      | Reached skill level 1 in Shields
  3705 | D:6      | Reached XP level 8. HP: 45/79 MP: 6/6
  3776 | D:6      | Reached skill level 5 in Axes
  3852 | D:6      | Found Enef's Jewellery Shop.
  4152 | D:7      | Got a polished spear
  4153 | D:7      | Identified the +7 spear "Bavenapn" {pierce, rElec Dex+4} (You found it on level 7 of the Dungeon)
  4274 | D:7      | Reached **** piety under Trog
  4363 | D:7      | Reached skill level 5 in Armour
  4464 | D:7      | Found a sand-covered staircase.
  4477 | Ossuary  | Entered an ossuary
  4556 | Ossuary  | Reached skill level 5 in Dodging
  4571 | Ossuary  | Reached XP level 9. HP: 40/85 MP: 7/7
  4595 | Ossuary  | Reached skill level 5 in Shields
  4672 | Ossuary  | Lost mutation: Your body sometimes deteriorates upon taking damage. [potion of cure mutation]
  4672 | Ossuary  | Lost mutation: Your magical capacity is low (-10% MP). [potion of cure mutation]
  4672 | Ossuary  | Lost mutation: You can translocate small distances at will. [potion of cure mutation]
  5655 | D:9      | Noticed a troll
  5667 | D:9      | Killed a troll
  5764 | D:9      | Reached XP level 10. HP: 93/93 MP: 9/9
  6243 | D:10     | Entered Level 10 of the Dungeon
  6294 | D:10     | Found a staircase to the Lair.
  6331 | D:10     | Killed an unseen horror
  6575 | D:10     | Noticed a hill giant
  6582 | D:10     | Killed a hill giant
  6630 | D:10     | Found an oddly glowing altar of Pakellas.
  6885 | D:11     | Noticed a hill giant
  6894 | D:11     | Killed a hill giant
  6911 | D:11     | Reached XP level 11. HP: 72/100 MP: 10/10
  6934 | D:11     | Noticed a purple ugly thing
  6945 | D:11     | Killed a purple ugly thing
  6976 | D:11     | Reached skill level 10 in Axes
  7023 | D:11     | Noticed a hill giant
  7031 | D:11     | Killed a hill giant
  7066 | D:11     | Noticed a purple ugly thing
  7088 | D:11     | Killed a purple ugly thing
  7106 | D:11     | Found a stormy altar of Qazlal.
  7129 | D:11     | Reached skill level 10 in Armour
  7244 | D:11     | Noticed Harold
  7279 | D:11     | Killed Harold
  7295 | D:11     | Reached ***** piety under Trog
  7519 | D:11     | Got a polished leather armour
  7531 | D:11     | Identified the +3 leather armour "Luakhi" {+Inv rN+ MR- Str+3} (You found it on level 11 of the Dungeon)
  7670 | Lair:1   | Entered Level 1 of the Lair of Beasts
  7976 | Lair:1   | Received a gift from Trog
  8219 | Lair:1   | Noticed Fannar
  8240 | Lair:1   | Killed Fannar
  8384 | Lair:2   | Reached skill level 10 in Shields
  8974 | Lair:3   | Reached skill level 10 in Dodging
  9105 | Lair:3   | Got an ancient ring mail
  9125 | Lair:3   | Identified the +0 ring mail of Jayvu {rElec rN+} (You found it on level 3 of the Lair of Beasts)
  9177 | Lair:3   | Reached XP level 12. HP: 91/106 MP: 11/11
  9211 | Lair:3   | Reached ****** piety under Trog
  9358 | Lair:3   | Reached skill level 11 in Fighting
  9487 | Lair:3   | Received a gift from Trog
  9748 | Lair:4   | Reached skill level 12 in Fighting
  9830 | Lair:4   | Noticed a catoblepas
 10079 | Lair:4   | Gained mutation: Your flesh is heat resistant. [potion of mutation]
 10079 | Lair:4   | Gained mutation: Your spells are a little harder to cast, but a little more powerful. [potion of mutation]
 10079 | Lair:4   | Gained mutation: Your spells are harder to cast, but more powerful. [potion of mutation]
 10279 | Lair:5   | Reached skill level 13 in Fighting
 10521 | Lair:5   | Found an ancient bone altar of Kikubaaqudgha.
 10583 | Lair:5   | Found a staircase to the Swamp.
 10638 | Lair:5   | Noticed a four-headed hydra
 10642 | Lair:5   | Killed a six-headed hydra
 10642 | Lair:5   | Reached skill level 14 in Fighting
 10721 | Lair:5   | Received a gift from Trog
 10962 | Lair:6   | Noticed Aquadorian's ghost (journeyman TrMo)
 10970 | Lair:6   | Killed Aquadorian's ghost
 11015 | Lair:6   | Reached skill level 15 in Fighting
 11033 | Lair:6   | Found a dark tunnel.
 11040 | Volcano  | Entered a volcano
 11205 | Volcano  | Reached XP level 13. HP: 115/127 MP: 12/12
 11280 | Lair:6   | Found a hole to the Spider Nest.
 11284 | Lair:6   | Noticed Kirke
 11321 | Lair:6   | Killed Kirke
 11321 | Lair:6   | Reached skill level 16 in Fighting
 11476 | Lair:6   | Noticed Maud
 11495 | Lair:6   | Killed Maud
 11737 | Lair:7   | Received a gift from Trog
 11739 | Lair:7   | Reached skill level 17 in Fighting
 11813 | Lair:7   | Noticed Rupert
 11953 | Lair:7   | Found a bloodstained altar of Trog.
 12064 | Lair:7   | Killed Rupert
 12136 | Lair:8   | Entered Level 8 of the Lair of Beasts
 12163 | Lair:8   | Reached skill level 18 in Fighting
 12579 | Lair:8   | Found a staircase to the Slime Pits.
 12580 | Lair:8   | Found a viscous altar of Jiyva.
 12586 | Lair:8   | Reached XP level 14. HP: 110/144 MP: 13/13
 12588 | Lair:8   | Received a gift from Trog
 13453 | D:12     | Found a staircase to the Orcish Mines.
 14049 | D:13     | Found a gate to the Vaults.
 14063 | D:13     | Received a gift from Trog
 14080 | D:13     | Reached skill level 15 in Axes
 14141 | D:13     | Got a slimy long sword
 14142 | D:13     | Identified the cursed +1 long sword "Fiet" {speed, +Rage rPois Str+5 SInv} (You found it on level 13 of the Dungeon)
 14752 | D:13     | Identified a scroll of acquirement
 14823 | Orc:1    | Entered Level 1 of the Orcish Mines
 14990 | Orc:2    | Entered Level 2 of the Orcish Mines
 15008 | Orc:2    | Found a staircase to the Elven Halls.
 15146 | Orc:2    | Received a gift from Trog
 15206 | Orc:2    | Found a roughly hewn altar of Beogh.
 15210 | Orc:2    | Noticed Nessos
 15222 | Orc:2    | Killed Nessos
 15303 | Orc:2    | Noticed Sonja
 15347 | Orc:2    | Reached skill level 1 in Evocations
 15418 | Orc:2    | Found Areth's Gadget Boutique.
 15419 | Orc:2    | Found Nolunt's Weapon Shop.
 15422 | Orc:2    | Found Abruysiu's Jewellery Boutique.
 15422 | Orc:2    | Found Makare's Magic Scroll Shop.
 15488 | Orc:2    | Killed Sonja
 15488 | Orc:2    | Reached XP level 15. HP: 119/150 MP: 15/15
 15806 | Orc:1    | Received a gift from Trog
 16102 | Orc:2    | Paralysed by an orc sorcerer for 7 turns
 16289 | Orc:2    | Bought the ring "Mukuev" {rElec rN++ SInv Stlth-} for 470 gold pieces
 16289 | Orc:2    | Bought the amulet "Ywnu" {Spirit rPois Str+4 Stlth-} for 626 gold pieces
 16289 | Orc:2    | Bought a +5 ring of dexterity for 535 gold pieces
 16330 | Orc:2    | Bought a scroll of enchant armour for 97 gold pieces
 16589 | Swamp:1  | Entered Level 1 of the Swamp
 16625 | Swamp:1  | Reached skill level 5 in Evocations
 16666 | Swamp:1  | Got a jewelled rapier
 16667 | Swamp:1  | Identified the cursed +0 rapier "Enemaol" {freeze, rF+ rN+ Int+3 SInv} (You found it on level 1 of the Swamp)
 16894 | Swamp:1  | Noticed a thorn hunter
 18427 | Swamp:4  | Entered Level 4 of the Swamp
 18592 | Swamp:4  | Reached skill level 10 in Evocations
 18601 | Swamp:4  | Noticed a thorn hunter
 18845 | Swamp:4  | Reached XP level 16. HP: 136/159 MP: 18/23
 18889 | Swamp:4  | Noticed a thorn hunter
 18928 | Swamp:4  | Killed a thorn hunter
 19006 | Swamp:4  | Killed a thorn hunter
 19027 | Swamp:4  | Gained mutation: Your magical capacity is low (-10% MP). [mutagenic glow]
 19030 | Swamp:4  | Got a warped ring mail
 19061 | Swamp:4  | Identified the +4 ring mail "Oceaxkoe" {rC+ rN+} (You found it on level 4 of the Swamp)
 19097 | Swamp:4  | Gained mutation: Your body sometimes deteriorates upon taking damage. [mutagenic glow]
 19164 | Swamp:4  | Got a decaying rune of Zot
 19510 | Swamp:1  | Killed a thorn hunter
 19573 | Spider:1 | Entered Level 1 of the Spider Nest
 19756 | Spider:1 | Found a frozen archway.
 19772 | IceCv    | Entered an ice cave
 20204 | IceCv    | Lost mutation: Your spells are harder to cast, but more powerful. [potion of cure mutation]
 20204 | IceCv    | Lost mutation: Your body sometimes deteriorates upon taking damage. [potion of cure mutation]
 20204 | IceCv    | Lost mutation: Your spells are a little harder to cast, but a little more powerful. [potion of cure mutation]
 20204 | IceCv    | Lost mutation: Your magical capacity is low (-10% MP). [potion of cure mutation]
 20204 | IceCv    | Lost mutation: Your flesh is heat resistant. [potion of cure mutation]
 20897 | Spider:1 | Received a gift from Trog
 20946 | Spider:1 | Reached skill level 19 in Fighting
 21269 | Spider:2 | Noticed Ferkelamun's ghost (adept MiBe)
 21279 | Spider:2 | Killed Ferkelamun's ghost
 21347 | Spider:2 | Received a gift from Trog
 21493 | Spider:2 | Got a dazzling shortbow
 21495 | Spider:2 | Identified the +6 shortbow of Vuddimof {flame, Int+4 Stlth+} (You found it on level 2 of the Spider Nest)
 21686 | Spider:3 | Reached skill level 20 in Fighting
 21774 | Spider:3 | Reached XP level 17. HP: 150/170 MP: 24/24
 21800 | Spider:3 | Received a gift from Trog
 22028 | Spider:3 | Got an encrusted scimitar
 22029 | Spider:3 | Identified the +4 scimitar of Tumult {speed, Str+6} (You found it on level 3 of the Spider Nest)
 22290 | Spider:4 | Entered Level 4 of the Spider Nest
 22675 | Spider:4 | Received a gift from Trog
 22741 | Spider:4 | HP: 6/170 [emperor scorpion (8)]
 22742 | Spider:4 | Slain by an emperor scorpion

Skill      XL: |  1  2  3  4  5  6  7  8  9 10 11 12 13 14 15 16 17 |
---------------+----------------------------------------------------+-----
Fighting       | 4 5 7 8 9 10 15 18 20 | 20.0
Axes           | 4 6 8 9 11 16 18 | 18.2
Shields        | 2 4 7 8 10 11 | 11.7
Armour         | 3 5 7 9 11 12 13 | 13.4
Dodging        | 3 5 6 8 10 11 | 11.1
Evocations     | 2 10 11 | 11.3

Action                   |  1- 3 |  4- 6 |  7- 9 | 10-12 | 13-15 | 16-18 || total
-------------------------+-------+-------+-------+-------+-------+-------++-------
Melee: Hand axe          |    50 |    10 |       |       |       |       ||    60
       Headbutt          |     6 |    18 |    60 |   125 |   257 |   189 ||   655
       War axe           |       |    61 |   235 |   332 |   970 |   570 ||  2168
       Dagger            |       |    15 |       |       |       |       ||    15
       Broad axe         |       |       |    98 |   271 |       |       ||   369
Invok: Berserk           |     1 |     2 |     3 |     8 |    16 |     8 ||    38
       Trog's Hand       |       |     2 |     6 |     9 |    37 |    16 ||    70
       Burn Spellbooks   |       |       |       |     2 |     5 |     4 ||    11
Evoke: Wand              |       |       |       |     1 |     5 |     6 ||    12
  Use: Scroll            |     7 |     6 |     5 |    14 |    30 |     6 ||    68
       Potion            |     5 |     3 |     9 |     3 |     6 |     2 ||    28
 Stab: Petrifying        |       |       |       |       |     2 |       ||     2
       Held in net/web   |       |       |       |       |       |     1 ||     1
  Eat: Bread ration      |     1 |       |       |     3 |     6 |     2 ||    12
       Royal jelly       |       |     1 |       |       |       |     1 ||     2
       Fruit             |       |     1 |     2 |     2 |     4 |    14 ||    23
       Pizza             |       |     1 |       |     1 |     1 |       ||     3
       Chunk             |       |       |     4 |       |       |       ||     4
       Beef jerky        |       |       |     1 |     2 |     2 |     1 ||     6
       Meat ration       |       |       |     3 |     2 |     4 |       ||     9
Armor: Ring mail         |    13 |    31 |       |       |       |       ||    44
       Scale mail        |       |     6 |    82 |       |       |       ||    88
       Plate armour      |       |       |    79 |   323 |   602 |   360 ||  1364
Dodge: Dodged            |    38 |    48 |   167 |   326 |   569 |   418 ||  1566
Block: Buckler           |       |     7 |    79 |   215 |   407 |   250 ||   958
